 Dungeon Crawl Stone Soup version 0.29.1-2-gbd0b4ee654 (webtiles) character file.

Game seed: 12639626380593405842

494 xian the Trooper (level 6, -3/49 HPs)
             Began as a Demonspawn Abyssal Knight on Nov 17, 2022.
             Was a Priest of Lugonu.
             Slain by an orc
             ... wielding a +0 trident of venom
              (5 damage)
             ... on level 5 of the Dungeon.
             The game lasted 00:11:03 (4693 turns).

xian the Trooper (Demonspawn Abyssal Knight)        Turns: 4693, Time: 00:11:03

Health: -3/49      AC:  9    Str: 15    XL:     6   Next: 92%
Magic:  9/9        EV: 11    Int: 12    God:    Lugonu [***...]
Gold:   212        SH:  0    Dex: 13    Spells: 5/5 levels left

rFire   . . .      SeeInvis .   e - +0 dagger (drain)
rCold   . . .      Faith    .   (no shield)
rNeg    . . .      Spirit   .   j - +0 chain mail
rPois   .          Reflect  .   (no helmet)
rElec   .          Harm     .   (no cloak)
rCorr   .          Rampage  .   (no gloves)
Will    +....                   (no boots)
Stlth   ..........              (no amulet)
HPRegen 0.16/turn               k - ring of willpower
MPRegen 0.22/turn               p - +4 ring of evasion

@: lethally poisoned (-3 -> -16), about to teleport
A: powered by death 2, magic regeneration
a: Renounce Religion, Depart the Abyss, Bend Space, Banish


You were on level 5 of the Dungeon.
You worshipped Lugonu.
Lugonu was most pleased with you.
You visited 1 branch of the dungeon, and saw 6 of its levels.
You visited the Abyss 1 time.

You collected 212 gold pieces.

Inventory:

Hand Weapons
 e - a +0 dagger of draining (weapon)
Missiles
 f - 6 boomerangs (quivered)
Armour
 j - a +0 chain mail (worn)
 n - a +0 scale mail
 r - an orb of energy
Magical Staves
 t - a staff of poison
Jewellery
 k - a ring of willpower (left hand)
 p - a +4 ring of evasion (right hand)
Scrolls
 b - 2 scrolls of enchant armour
 g - a scroll of magic mapping
 h - 2 scrolls of enchant weapon
 l - 2 scrolls of butterflies {unknown}
 m - a scroll of noise {unknown}
 o - a scroll of vulnerability {unknown}
Potions
 a - a potion of flight
 d - 3 potions of brilliance


   Skills:
 + Level 4.5 Fighting
 + Level 3.4 Short Blades
 + Level 0.4 Throwing
 + Level 4.1 Armour
 + Level 1.8 Dodging
 + Level 0.1 Stealth
 * Level 4.2 Invocations


You had 5 spell levels left.
You didn't know any spells.
Your spell library contained the following spells:

 Spells                   Type           Power      Damage    Failure   Level
 Sublimation of Blood     Necr           0%         N/A       100%        2
 Wereblood                Tmut           0%         N/A       100%        2
 Gell's Gravitas          Tloc           0%         N/A       100%        3
 Lesser Beckoning         Tloc           0%         N/A       100%        3
 Teleport Other           Tloc           0%         N/A       100%        3
 Cause Fear               Hex            0%         N/A       100%        4
 Fulminant Prism          Conj/Hex       0%         3d6       100%        4
 Iskenderun's Mystic Bla  Conj/Tloc      0%         2d3       100%        4
 Lee's Rapid Deconstruct  Erth           0%         3d5*      100%        5
 Dragon Form              Tmut           0%         N/A       100%        7
 Summon Hydra             Summ           0%         N/A       100%        7
 Dragon's Call            Summ           0%         N/A       100%        9


Dungeon Overview and Level Annotations

Branches:
Dungeon (6/15)
 Temple: D:4-7

Altars:
Cheibriados
Qazlal
Trog
Wu Jian

Annotations:
D:5 Sigmund


Innate Abilities, Weirdness & Mutations

You regenerate health from kills.
You regenerate magic rapidly.


Message History

The ogre is lightly wounded.
The ogre misses you.
Unknown command.
Unknown command.
You're too confused to move!
Unknown command.
You bump into the rock wall.
You feel less invigorated.
You feel less confused. The ogre hits you with a +0 giant club!
Unknown command.
The ogre attacks as you move away! The ogre hits you with a +0 giant club!
* * * LOW HITPOINT WARNING * * *
Okay, then.
Okay, then.
Okay, then.
You aren't carrying any items that you can evoke.
The orc shouts!
The orc closely misses you.
The orc hits you with a +0 trident of venom.
* * * LOW HITPOINT WARNING * * *
You are lethally poisoned!
You hit the orc but do no damage. You punch the orc, but do no damage.
* * * LOW HITPOINT WARNING * * *
You feel very sick.
The orc hits you with a +0 trident of venom.
* * * LOW HITPOINT WARNING * * *
You are more poisoned.
You hit the orc but do no damage. You drain the orc.
The orc is heavily wounded.
* * * LOW HITPOINT WARNING * * *
You feel very sick. The ogre closely misses you. The orc closely misses you.
The orc wizard hits you but does no damage.
Unknown command.
As you read the scroll of teleportation, it crumbles to dust.
You feel strangely unstable.
* * * LOW HITPOINT WARNING * * *
You feel very sick.
The orc hits you with a +0 trident of venom.
You die...

#..o.......##...##
######o###......#
#o# ####..## #.#
#..# #.######..# ##
#...oo....# #.#
########.## #.#
######.#.#####.# ##
#.###...O@o.........
#.#
##....####o#.#####.#
#.###.##### ##...##
#.#.## #.....# #.##
##...## #.# ##>##
#.# #.# #.# #.#
##.## #+#


You could see an ogre, an orc wizard and an orc (very drained).

Vanquished Creatures
  A yak (D:5)
  A scorpion (D:4)
  A gnoll bouda (D:4)
  An orc wizard (D:3)
  6 gnolls
  7 adders
  3 worms
  A dart slug (D:3)
  10 orcs
  4 ball pythons
  6 endoplasms
  6 giant cockroaches
  14 goblins
  11 hobgoblins
  6 quokkas
  4 bats
  5 frilled lizards
  2 kobolds
  3 rats
92 creatures vanquished.

Vanquished Creatures (others)
  2 fungi (D:1)
2 creatures vanquished.

Grand Total: 94 creatures vanquished

Notes
Turn   | Place    | Note
-------+----------+-------------------------------------------
     0 | Abyss:1  | xian the Demonspawn Abyssal Knight began the quest for the
                  | Orb.
     0 | Abyss:1  | Reached XP level 1. HP: 18/18 MP: 2/2
    57 | Abyss:1  | Noticed a large abomination
   207 | Abyss:1  | Noticed a wretched star
   218 | D:1      | Escaped the Abyss
   604 | D:1      | Found a faded altar of an unknown god.
   634 | D:1      | Gained mutation: You regenerate a little health from kills.
                  | [demonic ancestry]
   634 | D:1      | Reached XP level 2. HP: 23/24 MP: 4/4
   945 | D:1      | Reached ** piety under Lugonu
  1224 | D:2      | Reached skill level 1 in Dodging
  1407 | D:2      | Reached XP level 3. HP: 27/30 MP: 5/5
  1447 | D:2      | Found an ornate altar of the Wu Jian Council.
  1880 | D:1      | Gained mutation: You regenerate magic rapidly. [demonic
                  | ancestry]
  1880 | D:1      | Reached XP level 4. HP: 19/37 MP: 6/6
  2614 | D:2      | Reached *** piety under Lugonu
  2626 | D:2      | Gained mutation: You regenerate health from kills. [demonic
                  | ancestry]
  2626 | D:2      | Reached XP level 5. HP: 40/42 MP: 7/7
  3665 | D:4      | Found a stormy altar of Qazlal.
  3722 | D:4      | Found a snail-covered altar of Cheibriados.
  3955 | D:4      | Reached XP level 6. HP: 25/48 MP: 8/8
  4191 | D:4      | Found a bloodstained altar of Trog.
  4241 | D:5      | Entered Level 5 of the Dungeon
  4311 | D:5      | Noticed Sigmund
  4610 | D:6      | Noticed a yak
  4610 | D:6      | Noticed a yak
  4610 | D:6      | Noticed a yak
  4611 | D:6      | Noticed a yak
  4671 | D:5      | Killed a yak
  4693 | D:5      | HP: 2/49 [poisoned by an orc]
  4693 | D:5      | Slain by an orc

Illustrated notes

Levels and vault maps discovered:
D:1:      wander_arrival_desolate, layout_basic,
          shapermc_ecumenical_altar_petra, minmay_ruptured
D:2:      cheibrodos_greedy_goblins, layout_basic, basic_altar
D:3:      layout_loops_cross, nrook_loot_triangle, st_stairs_8
D:4:      minmay_polygon_palace, layout_loops_cross, amcnicky_altar_gilded,
          nicolae_overflow_crystal_walls, trog_butcher_becter,
          minmay_temple_entry_nine_rooms, uniq_robin
D:5:      layout_loops_corners, uniq_grinder, uniq_duvessa, uniq_sigmund
D:6:      layout_layer_cave, bloody_makhleb, uniq_blork_the_orc

Skill      XL: |  1  2  3  4  5  6 |
---------------+-------------------+-----
Short Blades   | 2 3 |  3.4
Armour         | 2 3 4 |  4.1
Dodging        | 1 |  1.8
Fighting       | 4 |  4.5
Invocations    | 3 4 |  4.2
Throwing       | |  0.4
Stealth        | |  0.1

Action                   |  1- 3 |  4- 6 || total
-------------------------+-------+-------++-------
Melee: Dagger            |   120 |   389 ||   509
       Short sword       |     6 |       ||     6
       Punch             |     2 |     3 ||     5
Throw: Boomerang         |       |     9 ||     9
Invok: Depart the Abyss  |     1 |       ||     1
  Use: Scroll            |     4 |     7 ||    11
       Potion            |     3 |     3 ||     6
Armor: Leather armour    |    13 |       ||    13
       Chain mail        |    28 |   175 ||   203
Dodge: Dodged            |    67 |   131 ||   198
